 Dungeon Crawl Stone Soup version 0.23.2-30-g0e89c35649 (webtiles) character file.

Game seed: 2368931660042303069

214 sankara the Vandal (level 6, -2/42 HPs)
             Began as a Halfling Hunter on June 20, 2019.
             Killed from afar by an orc wizard (6 damage)
             ... with a puff of flame
             ... on level 4 of the Dungeon.
             The game lasted 00:11:47 (2806 turns).

sankara the Vandal (Halfling Hunter)                Turns: 2806, Time: 00:11:47

Health: -2/42      AC:  3    Str: 13    XL:     6   Next: 14%
Magic:  6/6        EV: 16    Int: 10    God:
Gold:   130        SH:  0    Dex: 16    Spells: 5/5 levels left

rFire    . . .     SeeInvis .   b - +0 short sword
rCold    . . .     Gourm    +   (shield restricted)
rNeg     . . .     Faith    .   c - +0 leather armour
rPois    .         Spirit   .   (no helmet)
rElec    .         Reflect  .   (no cloak)
rCorr    .         Harm     .   (no gloves)
MR       .....                  (no boots)
Stlth    +.........             p - amulet of the gourmand {Gourm, !d}
HPRegen  0.14/turn              (no ring)
MPRegen  0.10/turn              (no ring)

@: confused
A: small, mutation resistance 1
a: no special abilities


You were on level 4 of the Dungeon.
You were completely stuffed.

You visited 1 branch of the dungeon, and saw 4 of its levels.

You collected 130 gold pieces.

Inventory:

Hand Weapons
 a - a +1 hunting sling
 b - a +0 short sword (weapon)
 e - a +0 dagger
   (You took it off a goblin on level 1 of the Dungeon)
Missiles
 d - 25 sling bullets
 k - 118 stones (quivered)
Armour
 c - a +0 leather armour (worn)
Jewellery
 p - an amulet of the gourmand (around neck) {Gourm, !d}
   (You found it on level 2 of the Dungeon)
Scrolls
 h - a scroll of immolation {unknown}
 i - 2 scrolls of identify {unknown}
 l - 3 scrolls of remove curse {unknown}
 m - a scroll of enchant armour {unknown}
 n - 3 scrolls of teleportation {unknown}
 t - a scroll of blinking {unknown}
Potions
 g - a potion of degeneration {unknown}
 o - a potion of heal wounds {unknown}
 q - a potion of agility {unknown}
 s - a potion of invisibility {unknown}
 u - a potion of ambrosia {unknown}
Comestibles
 f - 6 rations


   Skills:
 + Level 3.0 Fighting
 + Level 7.1 Slings
 + Level 3.7 Dodging
 + Level 3.3 Stealth


You had 5 spell levels left.
You didn't know any spells.
Your spell library was empty.

Dungeon Overview and Level Annotations

Branches:
Dungeon (4/15)
 Temple: D:4-7

Altars:

Shops:
D:4 :

Annotations:
D:3 Grinder


Innate Abilities, Weirdness & Mutations

You are small and have problems with some larger weapons.
You are somewhat resistant to further mutation.


Message History

You feel sick. The adder closely misses you. The adder misses you.
You completely miss the adder.
The adder is heavily wounded.
The adder closely misses you.
You hit the adder.
The adder is almost dead.
You feel sick. The adder closely misses you.
You hit the adder.
You kill the adder!
You feel sick.
d - 18 sling bullets (gained 3)
You feel sick.
d - 20 sling bullets (gained 2)
Things that are here:
a +0 hand axe of distortion {!w}; an orc corpse You butcher the orc corpse.
You feel sick.
j - 4 chunks of flesh {@w0}
Things that are here:
a +0 hand axe of distortion {!w}; an orc skeleton You feel sick.
d - 23 sling bullets (gained 3)
There isn't anything here!
You start resting.
Eating one of 4 chunks of flesh {@w0}.
You eat one of the 4 chunks of flesh {@w0}.
This raw flesh tastes great.
You feel sick. x3
You are no longer poisoned.
You start resting.
HP restored.
There is an open door, spattered with blood here.
d - 24 sling bullets (gained 1)
d - 25 sling bullets (gained 1) Eating one of 3 chunks of flesh {@w0}.
You eat one of the 3 chunks of flesh {@w0}.
This raw flesh tastes great.
f - 6 rations (gained 1) All of the chunks of flesh in your inventory have rotted away.
There is an open door, spattered with blood here.
You open the door.
A jackal, 2 orc wizards and a zombie come into view.
The jackal barks!
The orc wizard shouts!
The orc wizard hits you with a +0 dagger. x2
The jackal barely misses you.
There is an open door, spattered with blood here.
You hit the orc wizard but do no damage.
The jackal bites you but does no damage.
The orc wizard closely misses you.
The orc wizard hits you with a +0 dagger.
You hit the orc wizard.
The orc wizard is lightly wounded.
The jackal bites you. The orc wizard completely misses you.
The orc wizard barely misses you. The jackal barely misses you.
You hit the orc wizard.
The orc wizard is moderately wounded.
The orc wizard gestures wildly while chanting.
The orc wizard flickers and vanishes!
Deactivating autopickup; reactivate with Ctrl-A.
The orc wizard closely misses you. The jackal closely misses you.
You miss the orc wizard.
The orc wizard is moderately wounded.
The jackal closely misses you.
The orc wizard hits you but does no damage.
Something hits you. The jackal bites you.
The orc wizard points at you and mumbles some strange words.
The magic dart hits you!
You hear some strange, mumbled words.
A puff of flame appears from out of thin air!
The puff of flame hits you!
* * * LOW HITPOINT WARNING * * *
You are too injured to fight recklessly!
You are too injured to fight recklessly!
You are too injured to fight recklessly!
You are too injured to fight recklessly!
You closely miss the orc wizard.
The orc wizard is moderately wounded.
The jackal closely misses you.
You hear some strange, mumbled words.
You are confused.
The orc wizard completely misses you. The jackal closely misses you.
You miss the orc wizard.
The orc wizard is moderately wounded.
The jackal bites you but does no damage.
The orc wizard misses you.
You hear some strange, mumbled words.
You are more confused.
You closely miss the orc wizard.
The orc wizard is moderately wounded.
The jackal bites you.
* * * LOW HITPOINT WARNING * * *
The orc wizard hits you with a +0 dagger.
* * * LOW HITPOINT WARNING * * *
Something hits you but does no damage. The jackal closely misses you.
You miss the orc wizard.
The orc wizard is moderately wounded.
The jackal bites you.
* * * LOW HITPOINT WARNING * * *
Something barely misses you.
The orc wizard gestures at you while chanting.
The puff of flame hits you.
You die...

#.#.# #.#.### .##
###.#.#.. #.... ...
...#.#.## ...### ...
#..#∩#.#. #..#(.# ...
#..#.#.#. #..#...##.#
#..#.#.#. #..##Zo{#.#
##....#.#. #...##h@#.#+
##.........
#....###...###......#.#.
#........8...)......#.#.
##...###...###......#.##
#..## +#.#'.##.........
#.## #.#...##..#.#.##
#.# ##.##...#..#.#.##
#.# ##...##..#..#.#.#.
#.####.....####..#.# #.


You could see an orc wizard, a worker ant zombie and a jackal.

Vanquished Creatures
  A scorpion (D:4)
  An orc priest (D:4)
  An iguana (D:4)
  4 gnolls (D:2)
  2 adders
  A dart slug (D:2)
  A leopard gecko (D:1)
  An orc (D:4)
  5 bats
  4 giant cockroaches
  6 goblins
  5 hobgoblins
  3 kobolds
  3 quokkas
  2 ball pythons (D:1)
  12 frilled lizards
  6 rats
58 creatures vanquished.

Vanquished Creatures (others)
  A plant (D:1)
1 creature vanquished.

Grand Total: 59 creatures vanquished

Notes
Turn   | Place    | Note
-------+----------+-------------------------------------------
     0 | D:1      | sankara the Halfling Hunter began the quest for the Orb.
     0 | D:1      | Reached XP level 1. HP: 14/14 MP: 1/1
    96 | D:1      | Reached skill level 6 in Slings
    96 | D:1      | Reached XP level 2. HP: 7/19 MP: 2/2
   291 | D:1      | Reached skill level 2 in Fighting
   764 | D:1      | Reached XP level 3. HP: 21/24 MP: 3/3
  1076 | D:1      | Reached skill level 2 in Stealth
  1141 | D:1      | You fall through a shaft!
  1257 | D:2      | Reached XP level 4. HP: 29/29 MP: 4/4
  1259 | D:2      | Reached skill level 3 in Dodging
  2167 | D:3      | Reached XP level 5. HP: 32/35 MP: 5/5
  2174 | D:3      | Noticed Grinder
  2177 | D:3      | Paralysed by Grinder for 7 turns
  2291 | D:4      | HP: 8/35 [scorpion (8)]
  2292 | D:4      | HP: 1/35 [scorpion (6)]
  2298 | D:4      | Reached skill level 3 in Stealth
  2505 | D:4      | Found Dawint's Book Shoppe.
  2530 | D:4      | Reached skill level 7 in Slings
  2543 | D:4      | Reached skill level 3 in Fighting
  2543 | D:4      | Reached XP level 6. HP: 40/42 MP: 6/6
  2802 | D:4      | HP: 10/42 [something/puff of flame (10)]
  2806 | D:4      | HP: 4/42 [jackal (3)]
  2806 | D:4      | Killed from afar by an orc wizard

Skill      XL: |  1  2  3  4  5 |
---------------+----------------+-----
Slings         | 6 7 |  7.1
Fighting       | 2 3 |  3.0
Stealth        | 2 3 |  3.3
Dodging        | 3 |  3.7

Action                   |  1- 3 |  4- 6 || total
-------------------------+-------+-------++-------
Melee: Short sword       |    94 |   130 ||   224
 Fire: Hunting sling     |    10 |    42 ||    52
  Use: Potion            |       |     2 ||     2
 Stab: Sleeping          |     4 |       ||     4
  Eat: Chunk             |     1 |    22 ||    23
Armor: Leather armour    |    16 |    29 ||    45
Dodge: Dodged            |    76 |   127 ||   203

Levels and vault maps discovered:
D:1:      dpeg_arrival_arbitrary_c, layout_loops_ring, minmay_lizard_king
D:2:      layout_basic, first_ration
D:3:      layout_loops_ring, uniq_grinder, uniq_natasha
D:4:      cheibrodos_barr_body, layout_basic, serial_shops, shop

Table legend:
 A = Turns spent in this place as a percentage of turns spent in the entire game.
 B = Non-inter-level travel turns spent in this place as a percentage of non-inter-level travel turns spent in the entire game.
 C = Inter-level travel turns spent in this place as a percentage of turns spent in this place.
 D = Turns resting spent in this place as a percentage of non-inter-level travel turns spent in this place.
 E = Turns spent auto-exploring this place as a percentage of non-inter-level travel turns spent in this place.
 F = Non-inter-level travel turns spent in this place divided by the number of levels of this place that you've seen.
                   A       B       C       D       E      F
               +-------+-------+-------+-------+-------+----------------------
         Total | 100.0 | 100.0 |   2.7 |  35.7 |  43.2 | 682.5
       Dungeon | 100.0 | 100.0 |   2.7 |  35.7 |  43.2 | 682.5
               +-------+-------+-------+-------+-------+----------------------

Table legend:
 A = Kills in this place as a percentage of kills in entire the game.
 B = Kills by you in this place as a percentage of kills by you in the entire game.
 C = Kills by friends in this place as a percentage of kills by friends in the entire game.
 D = Other kills in this place as a percentage of other kills in the entire game.
 E = Experience gained in this place as a percentage of experience gained in the entire game.
 F = Experience gained in this place divided by the number of levels of this place that you have seen.
                   A       B       C       D       E      F
               +-------+-------+-------+-------+-------+----------------------
         Total | 100.0 | 100.0 |   N/A |   N/A | 100.0 |  76.5
       Dungeon | 100.0 | 100.0 |   N/A |   N/A | 100.0 |  76.5
               +-------+-------+-------+-------+-------+----------------------
